 Dungeon Crawl Stone Soup version 0.30-a0-578-gdee14c521f (webtiles) character file.

Game seed: 814414689443236234

95 Newt the Trooper (level 4, -2/38 HPs)
             Began as a Demonspawn Gladiator on Dec 31, 2022.
             Was an Initiate of Yredelemnul.
             Slain by Sigmund
             ... wielding a +5 heavy scythe
              (16 damage)
             ... on level 2 of the Dungeon.
             The game lasted 00:02:33 (1205 turns).

Newt the Trooper (Demonspawn Gladiator)             Turns: 1205, Time: 00:02:33

Health: -2/38      AC:  6    Str: 16    XL:     4   Next: 40%
Magic:  4/4        EV: 12    Int: 10    God:    Yredelemnul [......]
Gold:   58         SH:  0    Dex: 14    Spells: 3/3 levels left

rFire   . . .      SeeInvis +    a - +0 rapier
rCold   . . .      Faith    .    (no shield)
rNeg    . . .      Spirit   .    b - +0 leather armour
rPois   .          Reflect  .    c - +0 helmet
rElec   .          Harm     .    (no cloak)
rCorr   .          Rampage  .    (no gloves)
Will    .....                    (no boots)
Stlth   ++                       (no amulet)
HPRegen 0.26/turn                g - ring of see invisible
MPRegen 0.09/turn                (no ring)

@: no status effects
A: rugged brown scales 2, demonic guardian 1
a: Renounce Religion, Recall Undead Harvest


You were on level 2 of the Dungeon.
You worshipped Yredelemnul.
Yredelemnul was noncommittal.
You visited 1 branch of the dungeon, and saw 2 of its levels.

You collected 58 gold pieces.

Inventory:

Hand Weapons
 a - a +0 rapier (weapon)
Missiles
 d - a throwing net (quivered)
 f - 5 boomerangs
Armour
 b - a +0 leather armour (worn)
 c - a +0 helmet (worn)
Jewellery
 g - a ring of see invisible (left hand)
Scrolls
 i - a scroll of identify {unknown}
 k - a scroll of enchant weapon {unknown}
Potions
 h - a potion of might {unknown}
 j - a potion of curing {unknown}


   Skills:
 - Level 4.0 Fighting
 - Level 2.6 Short Blades
 - Level 1.7 Throwing
 + Level 2.9 Dodging
 - Level 2.0 Stealth


You had 3 spell levels left.
You didn't know any spells.
Your spell library contained the following spells:

 Spells                   Type           Power      Damage    Failure   Level
 Freeze                   Ice            0%         1d3       43%         1
 Frozen Ramparts          Ice            0%         1d1       80%         3
 Hailstorm                Conj/Ice       0%         3d3       80%         3


Dungeon Overview and Level Annotations

Branches:
Dungeon (2/15)

Altars:
Yredelemnul

Annotations:
D:2 Sigmund


Innate Abilities, Weirdness & Mutations

You are mostly covered in rugged brown scales. (AC +2, +5% HP)
A weak demonic guardian rushes to your aid.


Message History

Sigmund closely misses your hobgoblin zombie.
Your hobgoblin zombie misses Sigmund.
Your hobgoblin zombie barely misses Sigmund.
Sigmund hits your hobgoblin zombie with a +5 heavy scythe!
Your hobgoblin zombie is destroyed!
Your adder zombie bites Sigmund.
Sigmund barely misses your adder zombie.
Your adder zombie bites Sigmund.
Your adder zombie closely misses Sigmund.
Your adder zombie misses Sigmund.
Sigmund closely misses your adder zombie.
Your adder zombie bites Sigmund but does no damage.
Your adder zombie barely misses Sigmund.
Sigmund mumbles some strange words.
Sigmund flickers and vanishes for a moment.
Your adder zombie bites Sigmund.
Your adder zombie closely misses Sigmund.
Sigmund hits your adder zombie with a +5 heavy scythe!
Your adder zombie barely misses Sigmund.
Your adder zombie barely misses Sigmund.
Sigmund closely misses your adder zombie.
Your adder zombie closely misses Sigmund.
Your adder zombie bites Sigmund.
Your adder zombie bites Sigmund but does no damage.
Sigmund barely misses your adder zombie.
Your adder zombie closely misses Sigmund.
Your adder zombie closely misses Sigmund.
Sigmund closely misses your adder zombie.
Your adder zombie bites Sigmund but does no damage.
Your adder zombie barely misses Sigmund.
Your adder zombie bites Sigmund but does no damage.
Sigmund hits your adder zombie with a +5 heavy scythe!
Your adder zombie is destroyed!
Sigmund shouts!
Your rat zombie closely misses Sigmund.
Sigmund casts a spell at you.
Your rat zombie resists with significant effort.
Sigmund hits you from afar with a +5 heavy scythe!
You die...
Your body rises from the dead as a mindless zombie.

. ........)..##.##..#
#######
............#.#####
................# #
...#.......##.#......##
.. ##.#######.###......
# #. ###.## ..... ..
#....##......
#..#.Z@g...(..
....##@###...... .####
#.# ..... #.# .?.. #$#
... #.. ## ###


You could see Sigmund (invisible), a hobgoblin and a friendly rat zombie.

Vanquished Creatures
  Terence (D:2)
  An adder (D:2)
  A dart slug (D:1)
  An endoplasm (D:2)
  2 giant cockroaches
  4 goblins
  5 hobgoblins
  4 jackals (D:2)
  2 kobolds (D:1)
  3 quokkas
  2 ball pythons
  6 bats
  2 frilled lizards (D:1)
  3 rats
37 creatures vanquished.

Vanquished Creatures (collateral kills)
  A dart slug (D:1)
  2 endoplasms
  A giant cockroach (D:2)
  3 goblins
  3 hobgoblins (D:1)
  A kobold (D:1)
  2 ball pythons
  A bat (D:2)
  A rat (D:1)
15 creatures vanquished.

Vanquished Creatures (others)
  An adder zombie (D:2)
  5 bat zombies
  A hobgoblin zombie (D:2)
  2 jackal zombies (D:2)
  A quokka zombie (D:2)
10 creatures vanquished.

Grand Total: 62 creatures vanquished

Notes
Turn   | Place    | Note
-------+----------+-------------------------------------------
     0 | D:1      | Newt the Demonspawn Gladiator began the quest for the Orb.
     0 | D:1      | Reached XP level 1. HP: 16/16 MP: 1/1
    49 | D:1      | Found a faded altar of an unknown god.
    83 | D:1      | Reached skill level 1 in Stealth
    91 | D:1      | Prayed at the altar of an unknown god.
    91 | D:1      | Became a worshipper of Yredelemnul the Dark
    91 | D:1      | Reached * piety under Yredelemnul
   104 | D:1      | Gained mutation: You are partially covered in rugged brown
                  | scales. (AC +1, +3% HP) [demonic ancestry]
   104 | D:1      | Reached XP level 2. HP: 14/22 MP: 2/2
   190 | D:1      | Reached ** piety under Yredelemnul
   594 | D:1      | Gained mutation: A weak demonic guardian rushes to your
                  | aid. [demonic ancestry]
   594 | D:1      | Reached XP level 3. HP: 28/28 MP: 3/3
   709 | D:1      | Reached *** piety under Yredelemnul
   864 | D:2      | Reached skill level 3 in Fighting
  1009 | D:2      | Gained mutation: You are mostly covered in rugged brown
                  | scales. (AC +2, +5% HP) [demonic ancestry]
  1009 | D:2      | Reached XP level 4. HP: 30/38 MP: 4/4
  1044 | D:2      | Noticed Terence
  1062 | D:2      | Killed Terence
  1063 | D:2      | Reached skill level 4 in Fighting
  1152 | D:2      | Noticed Sigmund
  1205 | D:2      | Slain by Sigmund

Illustrated notes

Levels and vault maps discovered:
D:1:      dpeg_arrival_round_a, layout_basic, nicolae_ecumenical_snake_handling,
          chequers_serial_rivers_micro_c, kennysheep_another_room
D:2:      layout_rooms, uniq_natasha, uniq_sigmund, uniq_terence

Skill      XL: |  1  2  3  4 |
---------------+-------------+-----
Stealth        | 1 2 |  2.0
Fighting       | 3 4 |  4.0
Short Blades   | |  2.6
Throwing       | |  1.7
Dodging        | |  2.9

Action                   |  1- 3 |  4- 6 || total
-------------------------+-------+-------++-------
Melee: Rapier            |   107 |    19 ||   126
       Punch             |     1 |     1 ||     2
Throw: Throwing net      |       |     2 ||     2
       Javelin           |       |     1 ||     1
Invok: Recall Undead Har |     1 |     1 ||     2
       Stop Recall       |     1 |       ||     1
 Stab: Sleeping          |     1 |       ||     1
       Held in net/web   |       |     1 ||     1
Armor: Leather armour    |    34 |     1 ||    35
Dodge: Dodged            |    80 |     6 ||    86

Table legend: (Time is in decaauts)
 A = Elapsed time spent in this place.
 B = Non-inter-level travel time spent in this place.
 C = Inter-level travel time spent in this place.
 D = Time resting spent in this place.
 E = Time spent auto-exploring this place.
 F = Levels seen in this place.
 G = Mean time per level.
                   A        B        C        D        E       F      G
               +--------+--------+--------+--------+--------+-----+--------+
         Total |   1213 |   1169 |     44 |      0 |    801 |   2 |  606.5 |
       Dungeon |   1213 |   1169 |     44 |      0 |    801 |   2 |  606.5 |
               +--------+--------+--------+--------+--------+-----+--------+

Top non-repeatable levels by time:
     D:1: 864 daAuts
     D:2: 349 daAuts
